 Dungeon Crawl Stone Soup version 0.30.1-4-g462c640d31 (webtiles) character file.

Game seed: 12853594502708138434

28 FishyPogo the Insei (level 3, 0/28 HPs)
             Began as a Gnoll Transmuter on Aug 25, 2023.
             Was a Follower of Sif Muna.
             Slain by a gnoll
             ... wielding a +0 club
              (2 damage)
             ... on level 1 of the Dungeon.
             The game lasted 00:02:35 (1034 turns).

FishyPogo the Insei (Gnoll Transmuter)              Turns: 1034, Time: 00:02:36

Health: 0/28       AC:  9    Str:  9    XL:     3   Next: 14%
Magic:  17/18      EV: 13    Int: 14    God:    Sif Muna [*.....]
Gold:   49         SH:  0    Dex: 12    Spells: 6/12 levels left

rFire   . . .        o - +2 mace (protect)
rCold   . . .        (no shield)
rNeg    . . .        a - +0 robe
rPois   .            (helmet currently unavailable)
rElec   .            (no cloak)
rCorr   .            (no gloves)
SInv    .            (boots currently unavailable)
Will    .....        (no amulet)
Stlth   +            f - ring of magical power
HPRegen 0.24/turn    (no ring)
MPRegen 0.16/turn

%: no passive effects
@: appendages, under a protective aura
A: horns 2, talons 2, fangs 1, strong nose, distributed training
a: End Transformation, Renounce Religion, Channel Magic


You were on level 1 of the Dungeon.
You worshipped Sif Muna.
Sif Muna was aware of your devotion.
You had temporarily grown beastly horns and talons.
You visited 1 branch of the dungeon, and saw 2 of its levels.

You collected 49 gold pieces.

Inventory:

Hand Weapons
 o - a +2 mace of protection (weapon)
Missiles
 g - 3 poisoned darts
 n - 5 stones
Armour
 a - a +0 robe (worn)
 h - +0 fire dragon scales
Magical Staves
 p - a staff of conjuration
Jewellery
 f - a ring of magical power (left hand)
Scrolls
 c - a scroll of teleportation {unknown}
 d - a scroll of magic mapping {unknown}
 i - a scroll of fear {unknown}
 j - a scroll of identify {unknown}
 m - a scroll of amnesia {unknown}
Potions
 b - a potion of lignification
 e - a potion of invisibility {unknown}
 k - a potion of degeneration {unknown}
 l - a potion of might {unknown}


   Skills:
 + Level 2.6 Fighting
 + Level 0.7 Short Blades
 + Level 0.7 Long Blades
 + Level 0.7 Axes
 + Level 0.7 Maces & Flails
 + Level 0.7 Polearms
 + Level 0.7 Staves
 + Level 0.7 Ranged Weapons
 + Level 0.7 Throwing
 + Level 0.7 Armour
 + Level 4.5 Dodging
 + Level 0.7 Stealth
 + Level 0.7 Shields
 + Level 6.5 Unarmed Combat
 + Level 5.0 Spellcasting
 + Level 0.5 Conjurations
 + Level 0.5 Hexes
 + Level 0.5 Summonings
 + Level 0.5 Necromancy
 + Level 0.5 Translocations
 + Level 3.7 Transmutations
 + Level 0.5 Fire Magic
 + Level 0.5 Ice Magic
 + Level 0.5 Air Magic
 + Level 0.5 Earth Magic
 + Level 0.5 Poison Magic
 + Level 0.9 Invocations
 + Level 0.7 Evocations


You had 6 spell levels left.
You knew the following spells:

 Your Spells              Type           Power      Damage    Failure   Level
a - Beastly Appendage     Tmut           28%        N/A       3%          1
b - Wereblood             Tmut           14%        N/A       5%          2
c - Spider Form           Tmut/Pois      9%         N/A       22%         3

Your spell library contained the following spells:

 Spells                   Type           Power      Damage    Failure   Level
 Ice Form                 Ice/Tmut       9%         N/A       58%         4


Dungeon Overview and Level Annotations

Branches:
Dungeon (2/15)

Altars:
Sif Muna

Shops:
D:1 (


Innate Abilities, Weirdness & Mutations

You have temporarily grown beastly horns and talons.
You have very sharp teeth.
Your uncanny sense of smell can sniff out nearby items.
Your experience applies equally to all skills.


Message History

There are monsters nearby!
Throw: 5 darts (poison)
Press: ? - help, Shift-Dir - straight line, f - gnoll
Aim: a gnoll, wielding a +0 club (61% to hit)
You throw a poisoned dart.
The poisoned dart barely misses the gnoll.
The poisoned dart barely misses the gnoll.
The poisoned dart hits the gnoll.
The gnoll is poisoned.
Throw: 4 darts (poison)
Press: ? - help, Shift-Dir - straight line, f/p - gnoll
Aim: a gnoll, wielding a +0 club (poisoned, 61% to hit)
You throw a poisoned dart.
The poisoned dart barely misses the gnoll.
The poisoned dart barely misses the gnoll.
The poisoned dart hits the gnoll.
The gnoll looks even sicker.
The gnoll hits you from afar with a +0 halberd.
The gnoll hits you with a +0 club.
You climb upwards.
There is a stone staircase leading down here.
You hit the gnoll but do no damage.
Your weapon exudes an aura of protection.
The gnoll hits you with a +0 club. The gnoll closely misses you.
Casting: Beastly Appendage (safe; 3% risk of failure)
Confirm with . or Enter, or press ? or * to list all spells.
You grow a pair of large bovine horns.
Your feet morph into talons.
The gnoll hits you with a +0 club.
You are too injured to fight recklessly!
You barely miss the gnoll. Your kick misses the gnoll. You punch the gnoll.
You bite the gnoll, but do no damage.
The gnoll is moderately wounded.
The gnoll hits you with a +0 club.
* * * LOW HITPOINT WARNING * * *
You thump the gnoll! Your bite misses the gnoll.
The gnoll is severely wounded.
The gnoll hits you with a +0 club.
* * * LOW HITPOINT WARNING * * *
The gnoll hits you with a +0 club.
You die...

....<....'.## #.#
#.....)..
....[....#..# ##.#
#........
..⌠...⌠..##.# #..#
#........
.........##.######.##
#........
.........#.....##..#
#........
####+#####.###.##.##
######'#. #.......#
#.##.# #.#. #########
#.g#.############.#.
##.@..............#.
##################.
#......... #.########
#.#....... #.#.######
#.#.# #.#.# #.#.#


You could see a gnoll.

Vanquished Creatures
  2 dart slugs (D:1)
  2 bats (D:1)
  4 giant cockroaches (D:1)
  A goblin (D:1)
  5 hobgoblins (D:1)
  A quokka (D:1)
  A ball python (D:1)
  2 frilled lizards (D:1)
  A kobold (D:1)
  4 rats (D:1)
23 creatures vanquished.

Notes
Turn   | Place    | Note
-------+----------+-------------------------------------------
     0 | D:1      | FishyPogo the Gnoll Transmuter began the quest for the Orb.
     0 | D:1      | Reached XP level 1. HP: 17/17 MP: 6/6
    79 | D:1      | Found a faded altar of an unknown god.
    87 | D:1      | Prayed at the altar of an unknown god.
    87 | D:1      | Became a worshipper of Sif Muna the Loreminder
    87 | D:1      | Reached * piety under Sif Muna
   165 | D:1      | Reached XP level 2. HP: 17/23 MP: 5/7
   208 | D:1      | Learned a level 2 spell: Wereblood
   580 | D:1      | Found Teasaa's Weapon Shop.
   699 | D:1      | Reached skill level 5 in Spellcasting
   699 | D:1      | Reached XP level 3. HP: 28/28 MP: 9/9
   703 | D:1      | Learned a level 3 spell: Spider Form
  1034 | D:1      | Slain by a gnoll

Illustrated notes

Levels and vault maps discovered:
D:1:      mushboom_english_gardens, layout_basic,
          hellmonk_ecumenical_altar_lost_god, serial_shops, shop
D:2:      layout_basic, serial_shops, nicolae_shop_hallway_plus,
          solitary_fountain, uniq_robin

Skill      XL: |  1  2 |
---------------+-------+-----
Spellcasting   | 5 |  5.0
Fighting       | |  2.6
Short Blades   | |  0.7
Long Blades    | |  0.7
Axes           | |  0.7
Maces & Flails | |  0.7
Polearms       | |  0.7
Staves         | |  0.7
Ranged Weapons | |  0.7
Throwing       | |  0.7
Armour         | |  0.7
Dodging        | |  4.5
Stealth        | |  0.7
Shields        | |  0.7
Unarmed Combat | |  6.5
Conjurations   | |  0.5
Hexes          | |  0.5
Summonings     | |  0.5
Necromancy     | |  0.5
Translocations | |  0.5
Transmutations | |  3.7
Fire Magic     | |  0.5
Ice Magic      | |  0.5
Air Magic      | |  0.5
Earth Magic    | |  0.5
Poison Magic   | |  0.5
Invocations    | |  0.9
Evocations     | |  0.7

Action                     || total
---------------------------++-------
  Melee: Unarmed           ||    52
         Kick              ||    14
         Headbutt          ||     7
         Bite              ||     3
         Punch             ||     2
         Mace              ||     7
  Throw: Dart              ||     2
   Cast: Beastly Appendage ||    18
   Stab: Sleeping          ||     4
 Armour: Robe              ||    12
  Dodge: Dodged            ||    33
